 Dungeon Crawl Stone Soup version 0.30-a0-743-gbfdf073431 (webtiles) character file.

Game seed: 2925793147485866758

1681 Crownlay the Conjurer (level 8, 0/52 HPs)
             Began as a Demonspawn Venom Mage on Feb 7, 2023.
             Splashed by a jelly's acid (6 damage)
             ... on level 6 of the Dungeon.
             The game lasted 00:14:00 (7697 turns).

Crownlay the Conjurer (Demonspawn Venom Mage)       Turns: 7697, Time: 00:14:00

Health: 0/52       AC: -6    Str:  9    XL:     8   Next: 71%
Magic:  18/20      EV: 14    Int: 15    God:
Gold:   271        SH:  4    Dex: 14    Spells: 4/11 levels left

rFire   . . .      SeeInvis .    d - +0 dagger
rCold   + . .      Faith    .    (no shield)
rNeg    . . .      Spirit   .    t - +3 robe of the Baker {rC+ Int-3 Slay+3}
rPois   .          Reflect  .    (no helmet)
rElec   .          Harm     .    (no cloak)
rCorr   .          Rampage  .    j - +0 pair of gloves
Will    .....                    (no boots)
Stlth   ++                       (no amulet)
HPRegen 0.28/turn                A - ring of flight
MPRegen 0.17/turn                x - ring of magical power

@: corroded, flying, very slightly contaminated
A: claws 2, repulsion field 1, powered by death 2, condensation shield
a: no special abilities


You were on level 6 of the Dungeon.
You visited 2 branches of the dungeon, and saw 7 of its levels.

You collected 348 gold pieces.
You spent 77 gold pieces at shops.

Inventory:

Hand Weapons
 d - a +0 dagger (weapon)
Missiles
 w - a throwing net
Armour
 j - a +0 pair of gloves (worn)
 t - the +3 robe of the Baker (worn) {rC+ Int-3 Slay+3}
   (You found it on level 4 of the Dungeon)

   Int:       It affects your intelligence (-3).
   Slay:      It affects your accuracy & damage with ranged weapons and melee
   (+3).
   rC:        It protects you from cold.
Jewellery
 a - a ring of fire
 s - a ring of resist corrosion
 v - a ring of fire
 x - a ring of magical power (right hand)
 A - a ring of flight (left hand)
Wands
 o - a wand of mindburst (8)
 y - a wand of flame (23)
Scrolls
 e - a scroll of silence {unknown}
 f - 4 scrolls of immolation
 g - 4 scrolls of vulnerability
 h - 4 scrolls of teleportation
 l - 2 scrolls of identify
 p - a scroll of magic mapping {unknown}
 q - a scroll of brand weapon {unknown}
 u - 2 scrolls of amnesia
Potions
 b - a potion of magic
 c - 5 potions of degeneration
 i - 4 potions of curing
 k - a potion of ambrosia {unknown}
 m - 2 potions of flight
 n - 3 potions of attraction
 r - 3 potions of haste
 z - a potion of invisibility {unknown}


   Skills:
 - Level 1.7 Dodging
 - Level 1.7 Stealth
 - Level 2.0 Spellcasting
 * Level 7.2 Conjurations
 + Level 1.8 Summonings
 + Level 5.2 Necromancy
 - Level 0.8 Transmutations
 + Level 7.1 Poison Magic


You had 4 spell levels left.
You knew the following spells:

 Your Spells              Type           Power      Damage    Failure   Level
a - Sting                 Tmut/Pois      52%        1d5       4%          1
b - Poisonous Vapours     Pois/Air       24%        N/A       8%          2
c - Olgreb's Toxic Radia  Pois           22%        N/A       12%         4

Your spell library contained the following spells:

 Spells                   Type           Power      Damage    Failure   Level
 Mephitic Cloud           Conj/Pois/Air  15%        N/A       10%         3
 Hailstorm                Conj/Ice       12%        3d5       16%         3
 Summon Guardian Golem    Hex/Summ       4%         N/A       41%         3
 Ice Form                 Ice/Tmut       2%         N/A       88%         4
 Cause Fear               Hex            0%         N/A       91%         4
 Simulacrum               Ice/Necr       4%         N/A       100%        6
 Dragon Form              Tmut           2%         N/A       100%        7
 Orb of Destruction       Conj           11%        9d6       100%        7
 Spellforged Servitor     Conj/Summ      7%         N/A       100%        7
 Dragon's Call            Summ           3%         N/A       100%        9


Dungeon Overview and Level Annotations

Branches:
Dungeon (6/15)             Temple (1/1) D:4

Altars:
Cheibriados
Dithmenos
Gozag
Hepliaklqana
Nemelex Xobeh
Okawaru
Qazlal
Sif Muna
Trog
Vehumet
Xom
Yredelemnul

Shops:
D:2 ::!

Annotations:
D:5 1 runed translucent door


Innate Abilities, Weirdness & Mutations

You have very sharp fingernails.
You are surrounded by a mild repulsion field. (EV +2)
You regenerate health from kills.
A meltable shield of frost defends you. (SH +4)


Message History

You are too injured to fight recklessly!
You are too injured to fight recklessly!
You are too injured to fight recklessly!
You are too injured to fight recklessly!
You are too injured to fight recklessly!
You are too injured to fight recklessly!
You are too injured to fight recklessly!
You are too injured to fight recklessly!
You are too injured to fight recklessly!
You are too injured to fight recklessly!
Casting: Olgreb's Toxic Radiance (quite dangerous; 12% risk of failure)
Confirm with . or Enter, or press ? or * to list all spells.
Aiming: Sting (safe; 4% risk of failure)
Press: ? - help, Shift-Dir - straight line, f - jelly
Aim: a jelly (almost dead, 100% to hit)
You miscast Sting.
You are very lightly contaminated with residual magic.
Nothing appears to happen.
The jelly hits you. The acid corrodes you!
You are splashed with acid!
You are too injured to fight recklessly!
Casting: Sting (safe; 4% risk of failure)
Confirm with . or Enter, or press ? or * to list all spells.
Aiming: Sting (safe; 4% risk of failure)
Press: ? - help, Shift-Dir - straight line, f/p - jelly
Aim: a jelly (almost dead, 100% to hit)
You miscast Sting.
Nothing appears to happen.
The jelly hits you.
You are splashed with acid!
* * * LOW HITPOINT WARNING * * *
You feel better. The jelly barely misses you.
You hit the jelly but do no damage. The acid corrodes you!
Your hands burn!
* * * LOW HITPOINT WARNING * * *
The jelly is almost dead.
You block the jelly's attack.
You hit the jelly but do no damage.
Your hands burn!
* * * LOW HITPOINT WARNING * * *
The jelly is almost dead.
The jelly hits you.
* * * LOW HITPOINT WARNING * * *
You are splashed with acid.
You die...

#.# #.#
##.####
#.....#
###
#####.#
..# #.#
#.# #.#
#.# #.#
#J# #.#
#@#
#.#####.#
#.......#
#########


You could see a jelly.

Vanquished Creatures
  Sigmund (D:5)
  A sky beast (D:5)
  An ice beast (D:6)
  2 ogres (D:5)
  3 phantoms
  A centaur (D:6)
  Blork the orc (D:5)
  A necrophage (D:6)
  A gnoll sergeant (D:5)
  3 hounds
  7 orc priests
  Jessica (D:2)
  2 iguanas (D:4)
  3 orc wizards
  8 gnolls
  4 adders
  A white imp (D:5)
  2 ufetubi (D:5)
  2 worms
  2 dart slugs
  20 orcs
  8 ball pythons
  9 bats
  6 endoplasms
  A giant cockroach (D:2)
  12 goblins
  8 hobgoblins
  2 jackals (D:1)
  4 quokkas
  6 frilled lizards
  7 kobolds
  5 rats
135 creatures vanquished.

Notes
Turn   | Place    | Note
-------+----------+-------------------------------------------
     0 | D:1      | Crownlay the Demonspawn Venom Mage began the quest for the
                  | Orb.
     0 | D:1      | Reached XP level 1. HP: 13/13 MP: 3/3
   209 | D:1      | Gained mutation: A meltable shield of frost defends you.
                  | (SH +4) [demonic ancestry]
   209 | D:1      | Reached XP level 2. HP: 17/19 MP: 0/5
   417 | D:1      | Learned a level 2 spell: Poisonous Vapours
   940 | D:1      | Gained mutation: You are surrounded by a mild repulsion
                  | field. (EV +2) [demonic ancestry]
   940 | D:1      | Reached XP level 3. HP: 24/24 MP: 3/6
  1880 | D:2      | Noticed Jessica
  1891 | D:2      | Found Puqec's Book Shop.
  1900 | D:2      | Reached skill level 1 in Conjurations
  1974 | D:2      | Killed Jessica
  1975 | D:2      | Gained mutation: You regenerate a little health from kills.
                  | [demonic ancestry]
  1975 | D:2      | Reached XP level 4. HP: 30/30 MP: 2/7
  2288 | D:2      | Found Juto's Distillery.
  2291 | D:2      | Reached skill level 5 in Poison Magic
  2359 | D:2      | Bought a potion of flight for 33 gold pieces
  2359 | D:2      | Bought a potion of attraction for 33 gold pieces
  2359 | D:2      | Bought a potion of degeneration for 11 gold pieces
  2613 | D:2      | Found Koavveg's Book Emporium.
  2954 | D:3      | Gained mutation: You regenerate health from kills. [demonic
                  | ancestry]
  2954 | D:3      | Reached XP level 5. HP: 35/35 MP: 2/8
  3932 | D:4      | Reached skill level 1 in Necromancy
  4098 | D:4      | Learned a level 4 spell: Olgreb's Toxic Radiance
  4146 | D:4      | Identified the +3 robe of the Baker {rC+ Int-3 Slay+3}
  4314 | D:4      | Found a staircase to the Ecumenical Temple.
  4320 | Temple   | Entered the Ecumenical Temple
  4746 | D:4      | Noticed a phantom
  4841 | D:5      | Entered Level 5 of the Dungeon
  4855 | D:5      | Gained mutation: You have sharp fingernails. [demonic
                  | ancestry]
  4855 | D:5      | Reached XP level 6. HP: 41/41 MP: 5/9
  4967 | D:5      | Noticed Sigmund
  4982 | D:5      | Killed Sigmund
  5416 | D:5      | Gained mutation: You have very sharp fingernails. [demonic
                  | ancestry]
  5416 | D:5      | Reached XP level 7. HP: 40/46 MP: 2/10
  5745 | D:5      | You fall into a shaft and drop 1 floor!
  6059 | D:5      | Found a runed translucent door.
  6127 | D:5      | Reached skill level 5 in Conjurations
  6436 | D:5      | Noticed Blork the orc
  6466 | D:5      | Killed Blork the orc
  6866 | D:6      | Reached XP level 8. HP: 33/52 MP: 11/11
  7459 | D:6      | Reached skill level 1 in Summonings
  7530 | D:6      | Reached skill level 5 in Necromancy
  7697 | D:6      | Splashed by a jelly's acid

Illustrated notes

Levels and vault maps discovered:
D:1:      minmay_arrival_open_corners, layout_basic, serial_bayou_pond_e,
          nrook_mini_backslash
D:2:      layout_basic, serial_shops, shop, nicolae_diamond_shop,
          nicolae_shop_hallway_stairs, uniq_jessica
D:3:      layout_basic
D:4:      layout_rooms, minmay_temple_entry_fiery
D:5:      layout_loops_corners, hangedman_decor_push, uniq_sigmund,
          uniq_crazy_yiuf_cottage, uniq_blork_the_orc
D:6:      layout_basic, chequers_temple_overflow_minitemple
Temple:   compressed_dpeg_triangle_lava_temple

Skill      XL: |  1  2  3  4  5  6  7  8 |
---------------+-------------------------+-----
Poison Magic   | 4 5 6 7 |  7.1
Conjurations   | 1 2 3 4 6 7 |  7.2
Necromancy     | 2 3 4 5 |  5.2
Summonings     | 1 |  1.8
Dodging        | |  1.7
Stealth        | |  1.7
Spellcasting   | |  2.0
Transmutations | |  0.8

Action                     |  1- 3 |  4- 6 |  7- 9 || total
---------------------------+-------+-------+-------++-------
  Melee: Dagger            |    69 |    62 |   193 ||   324
         Unarmed           |     4 |       |       ||     4
         Punch             |     1 |     2 |     3 ||     6
   Cast: Sting             |    48 |    88 |    51 ||   187
         Poisonous Vapours |    12 |     8 |     9 ||    29
         Olgreb's Toxic Ra |       |     2 |     5 ||     7
    Use: Scroll            |     1 |     1 |     4 ||     6
         Potion            |       |       |     1 ||     1
   Stab: Sleeping          |     4 |       |       ||     4
 Armour: Robe              |    12 |     9 |    47 ||    68
  Dodge: Dodged            |    51 |    76 |   119 ||   246
  Block: Other             |     7 |    10 |    27 ||    44

Table legend: (Time is in decaauts)
 A = Elapsed time spent in this place.
 B = Non-inter-level travel time spent in this place.
 C = Inter-level travel time spent in this place.
 D = Time resting spent in this place.
 E = Time spent auto-exploring this place.
 F = Levels seen in this place.
 G = Mean time per level.
                   A        B        C        D        E       F      G
               +--------+--------+--------+--------+--------+-----+--------+
         Total |   7701 |   7508 |    193 |    165 |   6056 |   7 | 1100.1 |
       Dungeon |   7401 |   7208 |    193 |    165 |   5816 |   6 | 1233.5 |
        Temple |    299 |    299 |      0 |      0 |    240 |   1 |  299.0 |
               +--------+--------+--------+--------+--------+-----+--------+

Top non-repeatable levels by time:
     D:5: 1878 daAuts
     D:1: 1625 daAuts
     D:3: 1180 daAuts
     D:2: 1151 daAuts
     D:4: 888 daAuts
     D:6: 677 daAuts
  Temple: 299 daAuts
